 Dungeon Crawl Stone Soup version 0.31.0 (webtiles) character file.

Game seed: 13702162050473844926

112 BubbleThief the Trooper (level 4, -6/37 HPs)
             Began as a Demonspawn Fighter on Jan 20, 2024.
             Mangled by a gnoll
             ... wielding a +0 whip
             ... led by a gnoll bouda
              (7 damage)
             ... on level 4 of the Dungeon.
             The game lasted 00:02:11 (1200 turns).

BubbleThief the Trooper (Demonspawn Fighter)        Turns: 1200, Time: 00:02:12

Health: -6/37      AC:  6    Str: 17 (18) XL:     4   Next: 63%
Magic:  4/4        EV:  9    Int:  6 (9)  God:
Gold:   124        SH:  4    Dex: 11 (12) Spells: 3/3 levels left

rFire   . . .        a - +0 war axe
rCold   . . .        c - +0 buckler
rNeg    . . .        b - +0 scale mail
rPois   .            (helmet restricted)
rElec   .            (no cloak)
rCorr   .            (no gloves)
SInv    .            (no boots)
Will    .....        (no amulet) Stlth
                     (no ring)
HPRegen 0.26/turn    (no ring)
MPRegen 0.09/turn

%: no passive effects
@: mighty, weakened
A: antennae 2
a: no special abilities


You were on level 4 of the Dungeon.
You visited 1 branch of the dungeon, and saw 3 of its levels.

You collected 124 gold pieces.

Inventory:

Hand Weapons
 a - a +0 war axe (weapon)
Armour
 b - a +0 scale mail (worn)
 c - a +0 buckler (worn)
Jewellery
 j - a ring of positive energy
Scrolls
 f - 6 scrolls of identify {unknown}
 g - a scroll of immolation {unknown}
 i - a scroll of vulnerability {unknown}


   Skills:
 + Level 3.7 Fighting
 + Level 2.6 Axes
 + Level 3.3 Armour
 + Level 3.4 Shields


You had 3 spell levels left.
You didn't know any spells.
Your spell library contained the following spells:

 Spells                   Type           Power      Damage    Failure   Level
 Call Canine Familiar     Summ           0%         N/A       99%         3
 Sigil of Binding         Hex            0%         N/A       99%         3
 Dimensional Bullseye     Hex/Tloc       0%         N/A       100%        4


Dungeon Overview and Level Annotations

Branches:
Dungeon (2/15)

Altars:
Ru

Annotations:
D:2 Robin


Innate Abilities, Weirdness & Mutations

You have a pair of antennae on your head.


Message History

The gnoll bouda is heavily wounded.
The gnoll is no longer moving quickly. x2
The gnoll bouda calls upon its god to heal the gnoll.
The gnoll is healed somewhat.
Unknown command.
You barely miss the gnoll bouda.
The gnoll bouda is heavily wounded.
The gnoll bouda barks out a call to the hunt!
The gnolls pick up the pace!
Unknown command.
You slash the gnoll bouda!
The gnoll bouda is almost dead.
Your attacks no longer feel as feeble.
The gnoll bouda barks out a call to the hunt!
The gnoll picks up the pace!
The gnoll bouda calls upon its god to heal the gnoll.
The gnoll's wounds heal themselves!
You closely miss the gnoll bouda.
The gnoll bouda is almost dead.
The gnoll bouda gazes fiercely through you!
You feel your attacks grow feeble.
The gnoll bouda hits you with a +0 club!
* * * LOW HITPOINT WARNING * * *
Unknown command.
You slash the gnoll bouda!
You kill the gnoll bouda!
The gnoll barely misses you.
Unknown command.
It was a potion of degeneration.
There was something very wrong with that liquid.
You feel weakened.
You feel dopey.
You feel clumsy. The gnoll closely misses you.
The gnoll hits you with a +0 whip.
* * * LOW HITPOINT WARNING * * *
It was a potion of magic.
Magic courses through your body. The gnoll misses you.
The gnoll hits you with a +0 whip.
* * * LOW HITPOINT WARNING * * *
You hit the gnoll.
The gnoll is moderately wounded.
The gnoll closely misses you. The gnoll hits you with a +0 whip!
You die...

#......## #.#
.###.....=.## ##.##
............####...##
.....g...$..+.......#
#...{.....# ##...#
#..g....# ##.#.##
#.....# ##.###.##
##.$.####.## ##.#
##.gggg@..###.##
#..####.#.#.## #..#
#.##.##
####+#####.##.#
#.......#.....#
#.⌠...⌠.##.####
#.......##.#
+...⌠...'..#
#.......####


You could see 4 gnolls.

Vanquished Creatures
  A gnoll bouda (D:4)
  2 adders (D:2)
  2 dart slugs
  An orc (D:4)
  6 bats (D:1)
  6 endoplasms
  8 goblins
  8 hobgoblins
  5 jackals
  3 quokkas
  5 ball pythons
  3 frilled lizards (D:1)
  3 kobolds
  5 rats
58 creatures vanquished.

Notes
Turn   | Place    | Note
-------+----------+-------------------------------------------
     0 | D:1      | BubbleThief the Demonspawn Fighter began the quest for the
                  | Orb.
     0 | D:1      | Reached XP level 1. HP: 18/18 MP: 1/1
   208 | D:1      | Gained mutation: You have a pair of small antennae on your
                  | head. [demonic ancestry]
   208 | D:1      | Reached XP level 2. HP: 24/24 MP: 2/2
   362 | D:1      | Reached XP level 3. HP: 29/29 MP: 3/3
   739 | D:2      | Noticed Robin
   849 | D:2      | Gained mutation: You have a pair of antennae on your head.
                  | [demonic ancestry]
   849 | D:2      | Reached XP level 4. HP: 33/35 MP: 4/4
   912 | D:2      | You fall into a shaft and drop 2 floors!
  1110 | D:4      | Found a sacrificial altar of Ru.
  1199 | D:4      | HP: 1/37 [gnoll/+0 whip[a gnoll bouda] (1)]
  1200 | D:4      | Mangled by a gnoll

Illustrated notes

Levels and vault maps discovered:
D:1:      minmay_arrival_shattered_statue, layout_loops_cross, st_stairs_5,
          eino_curves_04, serial_park_tiny_pond
D:2:      layout_rooms, grunt_ministairs_1, kennysheep_generic_room_8,
          uniq_natasha, uniq_robin
D:4:      layout_loops_corners, grunt_temple_overflow_diamond,
          nicolae_ru_path_of_blood, minmay_fountain_box, minivault_11,
          minmay_fractal_squares_5

Skill      XL: |  1  2 |
---------------+-------+-----
Axes           | 2 |  2.6
Armour         | 3 |  3.3
Shields        | 3 |  3.4
Fighting       | |  3.7

Action                     |  1- 3 |  4- 6 || total
---------------------------+-------+-------++-------
  Melee: War axe           |    96 |    54 ||   150
    Use: Potion            |       |     3 ||     3
 Armour: Scale mail        |    82 |    42 ||   124
  Dodge: Dodged            |    65 |    27 ||    92
  Block: Buckler           |    35 |    11 ||    46
